 Dungeon Crawl Stone Soup version 0.30.1-3-gfc49f6343a (webtiles) character file.

Game seed: 7314996687830165330

24544 spardeous the Geomancer (level 12, -15/104 HPs)
             Began as a Demigod Earth Elementalist on July 21, 2023.
             Killed from afar by Jorgrun (52 damage)
             ... with an iron shot
             ... on level 13 of the Dungeon on July 22, 2023.
             The game lasted 00:41:04 (14921 turns).

spardeous the Geomancer (DgEE)                     Turns: 14921, Time: 00:41:05

Health: -15/104    AC: 12    Str: 13    XL:     12   Next: 47%
Magic:  36/37      EV: 27    Int: 29    God:
Gold:   394        SH:  0    Dex: 14    Spells: 14/27 levels left

rFire   + . .        w - +7 halberd of Mius {venom, rF+}
rCold   . . .        (shield currently unavailable)
rNeg    . . .        I - +0 steam dragon scales
rPois   .            K - +0 helmet
rElec   .            X - +0 cloak
rCorr   +            g - +1 pair of gloves
SInv    .            d - +0 pair of boots
Will    +....        n - amulet of the acrobat
Stlth   ++           y - ring of resist corrosion
HPRegen 0.37/turn    z - ring of magical power
MPRegen 0.25/turn

%: acrobat
@: acrobatic
A: high MP 1, forlorn, divine attributes
a: no special abilities


You were on level 13 of the Dungeon.
You visited 1 branch of the dungeon, and saw 13 of its levels.
You also visited: Bailey.

You collected 908 gold pieces.
You spent 514 gold pieces at shops.

Inventory:

Hand Weapons
 w - the +7 halberd of Mius (weapon) {venom, rF+}
   (You found it on level 9 of the Dungeon)

   rF:        It protects you from fire.
 x - the +5 Lochaber axe {reach-cleave, Poleaxe Drain}
   (You found it on level 9 of the Dungeon)

   Poleaxe:   It uses either Axes or Polearms skill, whichever is higher.
   Drain:     It drains your maximum health when unequipped.
 Z - the +0 spear of Severance {elec, rF++ Stlth+}
   (You found it on level 10 of the Dungeon)

   rF:        It greatly protects you from fire.
   Stlth:     It makes you more stealthy.
Armour
 a - a +0 troll leather armour
 d - a +0 pair of boots (worn)
 g - a +1 pair of gloves (worn)
 p - +0 swamp dragon scales
 C - the +0 scale mail of Spring {*Corrode rC++}
   (You found it on level 6 of the Dungeon)

   rC:        It greatly protects you from cold.
   *Corrode:  It may corrode you when you take damage.
 I - +0 steam dragon scales (worn)
 K - a +0 helmet (worn)
 R - a +1 hat
 T - the +0 ring mail "Locoinil" {rElec Will+}
   (You bought it in a shop on level 10 of the Dungeon)

   rElec:     It insulates you from electricity.
   Will:      It increases your willpower.
 U - the +2 robe "Xulunwy" {Harm Str+2 Stlth+}
   (You bought it in a shop on level 10 of the Dungeon)

   Str:       It affects your strength (+2).
   Harm:      It increases damage dealt and taken.
   Stlth:     It makes you more stealthy.
 X - a +0 cloak (worn)
 Y - +0 acid dragon scales
Jewellery
 n - an amulet of the acrobat (around neck)
 y - a ring of resist corrosion (left hand)
 z - a ring of magical power (right hand)
 W - a ring of see invisible
Wands
 t - a wand of light (4)
 A - a wand of polymorph (6)
 F - a wand of flame (35)
 G - a wand of mindburst (11)
 L - a wand of roots (13)
 Q - a wand of charming (4)
Scrolls
 e - 8 scrolls of teleportation
 h - 3 scrolls of vulnerability
 i - 3 scrolls of fog {unknown}
 j - 3 scrolls of blinking
 k - 4 scrolls of torment {unknown}
 m - a scroll of noise
 o - 7 scrolls of enchant weapon
 q - 2 scrolls of silence {unknown}
 u - 3 scrolls of fear {unknown}
 v - 2 scrolls of amnesia
 O - 5 scrolls of enchant armour
 P - a scroll of brand weapon
 V - a scroll of magic mapping
Potions
 b - 3 potions of magic
 c - 2 potions of lignification
 f - 2 potions of attraction
 l - 4 potions of haste
 r - 4 potions of degeneration
 s - 4 potions of curing
 B - 2 potions of cancellation
 D - 2 potions of brilliance
 E - 2 potions of mutation
 H - 4 potions of might
 J - 2 potions of heal wounds
 M - a potion of flight
 N - a potion of resistance


   Skills:
 + Level 9.0 Fighting
 - Level 6.2 Armour
 - Level 1.7 Dodging
 + Level 3.2 Stealth
 + Level 8.2 Spellcasting
 - Level 8.3 Conjurations
 - Level 6.5 Necromancy
 + Level 4.1 Transmutations
 - Level 9.0 Earth Magic


You had 14 spell levels left.
You knew the following spells:

 Your Spells              Type           Power      Damage    Failure   Level
a - Sandblast             Erth           100%       2d20      1%          1
b - Stone Arrow           Conj/Erth      100%       3d13      1%          3
c - Petrify               Tmut/Erth      50%        N/A       3%          4
d - Borgnjor's Vile Clut  Necr/Erth      27%        N/A       4%          5

Your spell library contained the following spells:

 Spells                   Type           Power      Damage    Failure   Level
 Passwall                 Tmut/Erth      41%        N/A       1%          2
 Hailstorm                Conj/Ice       36%        3d9       2%          3
 Freeze                   Ice            44%        1d6       4%          1
 Frozen Ramparts          Ice            22%        1d4       14%         3
 Ozocubu's Armour         Ice            11%        N/A       14%         3
 Alistair's Intoxication  Tmut/Pois      15%        N/A       47%         5
 Metabolic Englaciation   Hex/Ice        5%         N/A       77%         5
 Simulacrum               Ice/Necr       15%        N/A       87%         6
 Eringya's Noxious Bog    Tmut/Pois      11%        N/A       96%         6


Dungeon Overview and Level Annotations

Branches:
Dungeon (13/15)            Temple (0/1) D:6            Lair (0/5) D:11
    Orc (0/2) D:11         Bailey (visited)
 Vaults: D:13-14

Shops:
D:1 =   D:8 *   D:10 [   D:12 :

Portals:
Trove: D:10 (give -1 pearl dragon scales)

Annotations:
D:13 Jorgrun


Innate Abilities, Weirdness & Mutations

You have an increased reservoir of magic. (+10% MP)
You shall have no god before yourself.
Your divine heritage dramatically boosts your attributes as you level up.


Message History

Confirm with . or Enter, or press ? or * to list all spells.
Aiming: Sandblast (safe; 1% risk of failure)
Press: ? - help, Shift-Dir - straight line, f/p - slime creature
Aim: a slime creature (lightly wounded, 97% to hit)
The blast of sand hits the slime creature!!
The slime creature is heavily wounded.
You now have 35/37 mp.
Casting: Sandblast (safe; 1% risk of failure)
Confirm with . or Enter, or press ? or * to list all spells.
Aiming: Sandblast (safe; 1% risk of failure)
Press: ? - help, Shift-Dir - straight line, f/p - slime creature
Aim: a slime creature (heavily wounded, 97% to hit)
The blast of sand hits the slime creature!
The slime creature is severely wounded.
The slime creature hits you!
You take 8 damage, and have 72/104 hp.
Casting: Sandblast (safe; 1% risk of failure)
Confirm with . or Enter, or press ? or * to list all spells.
Aiming: Sandblast (safe; 1% risk of failure)
Press: ? - help, Shift-Dir - straight line, f/p - slime creature
Aim: a slime creature (severely wounded, 97% to hit)
The blast of sand hits the slime creature!!
You kill the slime creature!
You now have 34/37 mp.
Casting: Sandblast (safe; 1% risk of failure)
Confirm with . or Enter, or press ? or * to list all spells.
You can't see any susceptible monsters within range! (Use Z to cast anyway.) Jorgrun Earthshaker comes into view.
He is wielding a staff of earth.
Jorgrun shouts!
Jorgrun mutters some incantations to himself.
Jorgrun gestures next to you while chanting.
The wall shatters!
The blast of rock fragments hits you!!!
* * * LOW HITPOINT WARNING * * *
You hear a bellow!
You take 39 damage, and have 35/104 hp.
MASSIVE DAMAGE!!
Some rock shatters into small pieces.
Jorgrun casts a spell at you. The iron shot hits you!!!
Ouch! That really hurt!
You die...

#.........#.....#...#
#.........#..~......#
#.........#..~......#
#.........#..P..⌠...#
#####...................#
#...#.........#...#.....#
#...#.........##..#.##..#
#<..).........##..#.....#
#######'########@.......#
#.............#g....#
########+###+##.....#
.....# ....# ...# ##.#


You could see Jorgrun.

Vanquished Creatures
  Gastronok (D:9)
  Kirke (D:12)
  Erolcha (D:10)
  Erica (D:8)
  A catoblepas (D:12)
  A centaur warrior (D:13)
  6 two-headed ogres
  Urug (D:10)
  2 deep elf pyromancers
  4 ugly things
  2 orc knights (Bailey)
  A manticore (D:11)
  A kobold demonologist (D:10)
  Psyche (D:8)
  Maggie (D:8)
  2 trolls
  Prince Ribbit (D:6)
  9 slime creatures
  Sigmund (D:6)
  2 shadows
  14 yaks
  2 wraiths (D:10)
  Grum (D:9)
  2 wyverns
  3 hogs (D:12)
  2 vampire mosquitoes (D:12)
  2 steam dragons
  Menkaure (D:4)
  An acid dragon (D:11)
  2 water moccasins
  3 black bears
  3 sky beasts
  15 orc warriors
  2 wolves (D:9)
  2 centaurs
  2 phantoms
  2 kobold brigands
  6 bullfrogs
  5 scorpions
  3 wights (D:8)
  8 killer bees
  2 howler monkeys
  An electric eel (D:12)
  5 jellies
  3 hounds
  8 orc priests
  2 sleepcaps
  5 iguanas
  9 orc wizards
  A statue (D:7)
  4 gnolls (D:6)
  5 adders
  2 ufetubi
  2 worms (D:3)
  A dart slug (D:1)
  55 orcs
  5 ball pythons
  6 endoplasms
  4 giant cockroaches
  5 goblins
  8 hobgoblins
  4 jackals (D:5)
  21 kobolds
  A quokka (D:3)
  4 bats
  5 frilled lizards
  3 rats (D:2)
292 creatures vanquished.

Vanquished Creatures (others)
  A kobold (D:8)
1 creature vanquished.

Grand Total: 293 creatures vanquished

Notes
Turn   | Place    | Note
-------+----------+-------------------------------------------
     0 | D:1      | spardeous the Demigod Earth Elementalist began the quest
                  | for the Orb.
     0 | D:1      | Reached XP level 1. HP: 14/14 MP: 5/5
   131 | D:1      | Found Unass's Jewellery Shoppe.
   349 | D:1      | Reached XP level 2. HP: 20/20 MP: 4/7
   921 | D:2      | Reached XP level 3. HP: 26/26 MP: 5/8
  1591 | D:2      | Learned a level 3 spell: Stone Arrow
  1893 | D:3      | Reached XP level 4. HP: 33/33 MP: 6/9
  2592 | D:4      | Reached skill level 5 in Earth Magic
  2621 | D:4      | Noticed Menkaure
  2625 | D:4      | Killed Menkaure
  2626 | D:4      | Reached XP level 5. HP: 38/38 MP: 7/10
  3268 | D:5      | Entered Level 5 of the Dungeon
  3354 | D:5      | Reached XP level 6. HP: 45/45 MP: 10/12
  4132 | D:5      | Reached XP level 7. HP: 23/50 MP: 16/16
  4445 | D:6      | Noticed Prince Ribbit
  4588 | D:6      | Killed Prince Ribbit
  4652 | D:6      | Found a staircase to the Ecumenical Temple.
  4786 | D:6      | Identified the +0 scale mail of Spring {*Corrode rC++}
  4855 | D:6      | Reached XP level 8. HP: 57/57 MP: 17/17
  4980 | D:6      | Learned a level 4 spell: Petrify
  4986 | D:6      | Learned a level 5 spell: Borgnjor's Vile Clutch
  5157 | D:6      | Reached skill level 1 in Necromancy
  5324 | D:6      | Noticed Sigmund
  5328 | D:6      | Killed Sigmund
  5935 | D:7      | Reached skill level 1 in Conjurations
  6162 | D:7      | Reached XP level 9. HP: 61/62 MP: 18/18
  6751 | D:8      | Noticed a two-headed ogre
  6761 | D:8      | Killed a two-headed ogre
  7167 | D:8      | Noticed Erica
  7175 | D:8      | Killed Erica
  7575 | D:8      | Noticed Maggie
  7579 | D:8      | Noticed a two-headed ogre
  7580 | D:8      | Killed Maggie
  7581 | D:8      | Reached skill level 1 in Fighting
  7581 | D:8      | Reached XP level 10. HP: 41/71 MP: 19/19
  7590 | D:8      | Noticed Psyche
  7672 | D:8      | Killed a two-headed ogre
  7673 | D:8      | Reached skill level 5 in Necromancy
  7790 | D:8      | Found Fenohal's Lightly-Used Armoury.
  8715 | D:8      | Killed Psyche
  9012 | D:9      | Noticed Grum
  9021 | D:9      | Killed Grum
  9168 | D:9      | Reached skill level 1 in Armour
  9178 | D:9      | Reached skill level 5 in Fighting
  9424 | D:9      | Found a flagged portal.
  9424 | D:9      | Found the +5 Lochaber axe {reach-cleave, Poleaxe Drain}
  9432 | D:9      | Identified the +7 halberd of Mius {venom, rF+}
  9440 | Bailey   | Entered a bailey
  9726 | Bailey   | Noticed an orc knight
  9739 | Bailey   | Noticed an orc knight
  9767 | Bailey   | Killed an orc knight
  9837 | Bailey   | Killed an orc knight
  9838 | Bailey   | Reached skill level 5 in Spellcasting
  9838 | Bailey   | Reached XP level 11. HP: 89/89 MP: 4/22
 10210 | D:9      | Noticed Gastronok
 10425 | D:9      | Killed Gastronok
 10762 | D:10     | Entered Level 10 of the Dungeon
 10775 | D:10     | Noticed a two-headed ogre
 10784 | D:10     | Killed a two-headed ogre
 10877 | D:10     | Noticed Urug
 10884 | D:10     | Killed Urug
 11087 | D:10     | Found Eske's Antique Armour Shop.
 11095 | D:10     | Bought an ancient ring mail for 315 gold pieces
 11095 | D:10     | Identified the +0 ring mail "Locoinil" {rElec Will+} (You
                  | bought it in a shop on level 10 of the Dungeon)
 11095 | D:10     | Bought a faintly humming robe for 199 gold pieces
 11095 | D:10     | Identified the +2 robe "Xulunwy" {Harm Str+2 Stlth+} (You
                  | bought it in a shop on level 10 of the Dungeon)
 11125 | D:10     | Noticed a deep elf pyromancer
 11130 | D:10     | Killed a deep elf pyromancer
 11448 | D:10     | Reached skill level 5 in Armour
 11491 | D:10     | Identified the +0 spear of Severance {elec, rF++ Stlth+}
 11557 | D:10     | Noticed Erolcha
 11564 | D:10     | Killed Erolcha
 11969 | D:10     | Found a portal to a secret trove of treasure.
 12296 | D:11     | Noticed a two-headed ogre
 12308 | D:11     | Killed a two-headed ogre
 12475 | D:11     | Noticed a two-headed ogre
 12479 | D:11     | Killed a two-headed ogre
 12532 | D:11     | Found a staircase to the Lair.
 12938 | D:11     | Found a staircase to the Orcish Mines.
 13285 | D:12     | Noticed a deep elf pyromancer
 13291 | D:12     | Killed a deep elf pyromancer
 13292 | D:12     | Reached skill level 1 in Transmutations
 13350 | D:12     | Reached XP level 12. HP: 101/101 MP: 27/27
 13464 | D:12     | Noticed Kirke
 13489 | D:12     | Killed Kirke
 13646 | D:12     | Noticed a catoblepas
 13658 | D:12     | Killed a catoblepas
 14437 | D:12     | Found Oprawas's Book Emporium.
 14851 | D:13     | Noticed a centaur warrior
 14858 | D:13     | Killed a centaur warrior
 14917 | D:13     | Noticed Jorgrun
 14921 | D:13     | Killed from afar by Jorgrun

Illustrated notes

Levels and vault maps discovered:
D:1:      sevenhm_arrival_forest_fort_small_4, layout_basic, serial_shops,
          nicolae_shop_getting_attention
D:2:      layout_basic, minmay_tripent
D:3:      layout_rooms
D:4:      layout_basic, serial_bayou, serial_bayou_shore_b,
          serial_bayou_shore_a, serial_bayou_pond_a, serial_bayou_shore_b,
          uniq_menkaure
D:5:      layout_gridville
D:6:      layout_loops_ring, grunt_gozag_statues, mainiacjoe_overflow_alcove_1,
          minmay_temple_entry_wispy, serial_rivers,
          chequers_serial_rivers_large_b, chequers_serial_rivers_small_b,
          chequers_serial_rivers_small_a, chequers_serial_rivers_room_a,
          uniq_sigmund, uniq_prince_ribbit1
D:7:      layout_gridville, mainiacjoe_overflow_concentric_impassable,
          okawaru_gym_becter, amcnicky_altar_gilded, vehumet_statue
D:8:      layout_loops_cross, pdpol_wu_jian_five_deadly_venoms,
          mainiacjoe_overflow_alcove_4, minmay_shop_damaged,
          minmay_misc_feat_five, uniq_erica, uniq_psyche, uniq_maggie
D:9:      layout_basic, elyvilon_altar_5, mainiacjoe_overflow_swirl,
          enter_bailey_2, uniq_gastronok, uniq_grum
D:10:     layout_gridville, zin_treasury, enter_trove_3, serial_shops, shop,
          uniq_urug, uniq_erolcha
D:11:     layout_cave_pools, due_lair_maze_entry_diamond, david_orc_4
D:12:     layout_long_grid, serial_shops, kennysheep_mini, grunt_ministairs_11,
          chequers_big_river, uniq_kirke
D:13:     layout_stronghold, erik_vaults_1, gauntlet_entry_generic,
          tso_oasis_becter, uniq_jorgrun, uniq_lodul

Skill      XL: |  1  2  3  4  5  6  7  8  9 10 11 12 |
---------------+-------------------------------------+-----
Earth Magic    | 3 4 6 8 9 |  9.0
Spellcasting   | 2 4 5 7 8 |  8.2
Necromancy     | 4 6 |  6.5
Conjurations   | 3 8 |  8.3
Fighting       | 1 5 8 9 |  9.0
Armour         | 2 6 |  6.2
Transmutations | 1 4 |  4.1
Stealth        | 3 |  3.2
Dodging        | |  1.7

Action                     |  1- 3 |  4- 6 |  7- 9 | 10-12 || total
---------------------------+-------+-------+-------+-------++-------
  Melee: Unarmed           |     1 |       |       |       ||     1
         Punch             |     1 |       |       |       ||     1
         War axe           |     1 |     6 |       |       ||     7
         Halberd           |       |       |       |     5 ||     5
   Cast: Sandblast         |    77 |    53 |   110 |   228 ||   468
         Stone Arrow       |       |     2 |    22 |    18 ||    42
         Borgnjor's Vile C |       |       |       |    59 ||    59
         Petrify           |       |       |       |     4 ||     4
    Use: Potion            |       |       |     3 |       ||     3
         Scroll            |       |       |       |    16 ||    16
 Armour: Robe              |    10 |       |       |       ||    10
         Leather armour    |     1 |    10 |     9 |       ||    20
         Steam dragon scal |       |       |     6 |    46 ||    52
  Dodge: Dodged            |    29 |    10 |    50 |   130 ||   219
